 Dungeon Crawl Stone Soup version 0.22.1-2-g9c5b331383 (webtiles) character file.

623 Adamkad1 the Slasher (level 7, -6/41 HPs)
             Began as a Tengu Skald on Dec 19, 2018.
             Was a Follower of Wu Jian.
             Shot with an arrow by a centaur (9 damage)
             ... on level 5 of the Dungeon.
             The game lasted 00:08:46 (5831 turns).

Adamkad1 the Slasher (Tengu Skald)                  Turns: 5831, Time: 00:08:46

Health: -6/41      AC:  4    Str: 11      XL:     7   Next: 46%
Magic:  12/12      EV: 13    Int: 14      God:    Wu Jian [*.....]
Gold:   232        SH:  4    Dex: 17 (18) Spells: 3/11 levels left

rFire    . . .     SeeInvis .   a - +0 falchion
rCold    + . .     Gourm    .   g - +0 buckler
rNeg     . . .     Faith    .   o - +1 leather armour {rC+}
rPois    .         Spirit   .   (helmet restricted)
rElec    .         Reflect  .   (no cloak)
rCorr    .         Harm     .   (no gloves)
MR       .....                  (boots unavailable)
Stlth    +.........             (no amulet)
HPRegen  0.13/turn              e - ring of flight
MPRegen  0.13/turn              p - +3 ring of dexterity

@: no status effects
A: beak, talons 3, able to fly 1
a: Fly, Renounce Religion, Evoke Flight


You were on level 5 of the Dungeon.
You worshipped Wu Jian.
Wu Jian was aware of your devotion.
You were hungry.

You visited 1 branch of the dungeon, and saw 5 of its levels.

You collected 232 gold pieces.

Inventory:

Hand Weapons
 a - a +0 falchion (weapon)
Armour
 b - a +0 leather armour
 g - a +0 buckler (worn)
 o - a +1 leather armour of cold resistance (worn)
 q - a +0 scale mail
Jewellery
 e - a ring of flight (left hand)
 p - a +3 ring of dexterity (right hand)
Wands
 h - a wand of disintegration (16)
 s - a wand of flame (33)
Scrolls
 c - 4 scrolls of remove curse {unknown}
 i - 2 scrolls of immolation
 k - a scroll of blinking {unknown}
 t - a scroll of enchant armour {unknown}
 v - a scroll of identify
Potions
 f - 2 potions of curing
 j - a potion of haste {unknown}
 l - a potion of berserk rage
 m - a potion of invisibility
 n - 3 potions of flight
 r - 2 potions of heal wounds {unknown}
 u - a potion of ambrosia {unknown}
Comestibles
 d - 9 rations


   Skills:
 + Level 3.1 Fighting
 * Level 4.3 Long Blades
 + Level 2.6 Armour
 * Level 4.1 Dodging
 + Level 1.4 Shields
 + Level 2.8 Spellcasting
 * Level 3.7 Charms
 + Level 1.5 Translocations


You had 3 spell levels left.
You knew the following spells:

 Your Spells              Type           Power        Failure   Level  Hunger
a - Infusion              Chrm           ##..         9%          1    #......
b - Song of Slaying       Chrm           ##......     13%         2    ##.....
c - Shroud of Golubria    Chrm/Tloc      #.........   21%         2    ##.....
d - Regeneration          Chrm/Necr      #.........   50%         3    ###....

Your spell library contained the following spells:

 Spells                   Type           Power        Failure   Level  Hunger
 Spectral Weapon          Hex/Chrm       #.......     50%         3    ###....


Dungeon Overview and Level Annotations

Branches:
Dungeon (5/15)             Temple (0/1) D:4

Altars:
Ashenzari
Cheibriados
Elyvilon
Fedhas
Hepliaklqana
Kikubaaqudgha
Okawaru
Uskayaw
Wu Jian
Xom
Yredelemnul
Zin

Annotations:
D:3 2 transporters, DoctorYolo's ghost, amateur DgFi
D:4 1 runed door, Eustachio; Natasha


Innate Abilities, Weirdness & Mutations

You have a beak for a mouth.
You have claws for feet.
You can fly.


Message History

* * * LOW HITPOINT WARNING * * *
You climb downwards. 2 jackals and 2 centaurs come into view.
The jackal barks! x2
There is a stone staircase leading up here.
You spin and attack the hound.
You closely miss the hound. You claw the hound. Your peck misses the hound.
The hound is severely wounded.
The hound closely misses you.
You riposte.
You hit the hound. You peck the hound.
You kill the hound!
The Council accepts your kill.
The centaur wields a shortbow.
The centaur shoots an arrow.
You block the arrow.
The centaur wields a shortbow.
The centaur shoots an arrow.
The arrow barely misses you.
A jackal comes into view.
You see here 2 arrows.
Found 21 poisoned needles.
The centaur shoots an arrow.
The arrow hits you!
You die...

..%. #...## +....
..## #...# .... .
#...#....#
.(.#####...#..c..
.................
#..@.........
#.##.†.#..... #
#.(<.c.# #.#.##.#
#...h# # ####.#
h. h.. +###


You could see 2 centaurs and 3 jackals.

Vanquished Creatures
  A big kobold (D:3)
  A howler monkey (D:4)
  A hound (D:5)
  5 orc priests
  2 orc wizards
  An iguana (D:4)
  3 worker ants
  8 adders
  2 oozes
  4 worms
  5 dart slugs
  8 orcs
  7 bats
  A giant cockroach (D:3)
  5 goblins
  9 hobgoblins
  6 jackals
  7 kobolds
  A quokka (D:2)
  2 ball pythons (D:3)
  6 frilled lizards
  9 rats
  A fungus (D:2)
95 creatures vanquished.

Notes
Turn   | Place    | Note
-------+----------+-------------------------------------------
     0 | D:1      | Adamkad1 the Tengu Skald began the quest for the Orb.
     0 | D:1      | Reached XP level 1. HP: 12/12 MP: 4/4
    87 | D:1      | Reached XP level 2. HP: 14/17 MP: 6/6
   450 | D:1      | Learned a level 2 spell: Song of Slaying
   453 | D:1      | Learned a level 2 spell: Shroud of Golubria
   568 | D:1      | Reached XP level 3. HP: 19/21 MP: 7/7
  1752 | D:2      | Reached XP level 4. HP: 20/26 MP: 4/8
  2660 | D:2      | Found a snail-covered altar of Cheibriados.
  2834 | D:3      | Found an ornate altar of the Wu Jian Council.
  2843 | D:3      | Became a worshipper of the Wu Jian Council
  2880 | D:3      | Found a hide-covered altar of Uskayaw.
  2895 | D:3      | Gained mutation: You can fly. [Tengu growth]
  2895 | D:3      | Reached XP level 5. HP: 30/31 MP: 4/9
  2898 | D:3      | Noticed a big kobold
  3157 | D:3      | Reached * piety under Wu Jian
  3311 | D:3      | Reached skill level 1 in Translocations
  3673 | D:3      | Found a transporter.
  3673 | D:3      | Noticed DoctorYolo's ghost (amateur DgFi)
  3673 | D:3      | Noticed an ogre
  3675 | D:3      | Noticed an ogre
  3676 | D:3      | Found a transporter.
  3746 | D:3      | Reached XP level 6. HP: 7/36 MP: 4/10
  4727 | D:4      | Reached skill level 1 in Shields
  4854 | D:4      | Learned a level 3 spell: Regeneration
  4873 | D:4      | Reached XP level 7. HP: 23/40 MP: 7/12
  5045 | D:4      | Found a basalt altar of Yredelemnul.
  5066 | D:4      | Found a shattered altar of Ashenzari.
  5282 | D:4      | Found a white marble altar of Elyvilon.
  5282 | D:4      | Found a shimmering altar of Xom.
  5283 | D:4      | Found a blossoming altar of Fedhas.
  5287 | D:4      | Found a hazy altar of Hepliaklqana.
  5388 | D:4      | Found an iron altar of Okawaru.
  5418 | D:4      | Found a staircase to the Ecumenical Temple.
  5588 | D:4      | Found an ancient bone altar of Kikubaaqudgha.
  5606 | D:4      | Found a glowing silver altar of Zin.
  5668 | D:4      | Found a runed door.
  5778 | D:4      | Noticed Eustachio
  5816 | D:4      | Noticed Natasha
  5828 | D:5      | Entered Level 5 of the Dungeon
  5831 | D:5      | Shot with an arrow by a centaur

Skill      XL: |  1  2  3  4  5  6  7 |
---------------+----------------------+-----
Long Blades    | 3 4 |  4.3
Charms         | 3 |  3.7
Dodging        | 3 4 |  4.1
Translocations | 1 |  1.5
Armour         | 2 |  2.6
Shields        | 1 |  1.4
Fighting       | 3 |  3.1
Spellcasting   | |  2.8

Action                   |  1- 3 |  4- 6 |  7- 9 || total
-------------------------+-------+-------+-------++-------
Melee: Falchion          |    69 |   147 |    47 ||   263
       Kick              |    22 |    58 |    16 ||    96
       Peck              |     9 |    26 |    10 ||    45
 Cast: Infusion          |     5 |    10 |     4 ||    19
       Shroud of Golubri |     1 |     2 |     2 ||     5
       Song of Slaying   |       |       |     1 ||     1
Invok: Lunge             |       |     8 |     2 ||    10
       Whirlwind         |       |     2 |     5 ||     7
 Abil: Fly               |       |     1 |       ||     1
  Use: Scroll            |       |     5 |       ||     5
       Potion            |       |     5 |       ||     5
 Stab: Sleeping          |     1 |     1 |       ||     2
  Eat: Chunk             |     3 |    10 |     3 ||    16
Armor: Leather armour    |     5 |    26 |    10 ||    41
Dodge: Dodged            |    34 |    99 |    31 ||   164
Block: Buckler           |       |    15 |    14 ||    29
       Rpst.: Falchion   |    11 |    37 |     8 ||    56
